 Dungeon Crawl Stone Soup version 0.30-a0-223-gcb0039aa0c (webtiles) character file.

Game seed: 12350285473743660583

520 timneilson the Shield-Bearer (level 7, 0/43 HPs)
             Began as a Gargoyle Fighter on Oct 10, 2022.
             Was an Initiate of Okawaru.
             Splashed by a jelly's acid (8 damage)
             ... on level 4 of the Dungeon.
             The game lasted 00:05:26 (3821 turns).

timneilson the Shield-Bearer (Gargoyle Fighter)     Turns: 3821, Time: 00:05:27

Health: 0/43       AC: 14    Str: 22    XL:     7   Next: 21%
Magic:  7/7        EV:  8    Int:  8    God:    Okawaru [......]
Gold:   253        SH:  4    Dex:  9    Spells: 6/6 levels left

rFire   . . .      SeeInvis .    a - +0 long sword (protect)
rCold   . . .      Faith    .    c - +0 buckler
rNeg    + . .      Spirit   .    e - +0 chain mail
rPois   ∞          Reflect  .    (no helmet)
rElec   +          Harm     .    j - +0 cloak
rCorr   .          Rampage  .    (no gloves)
Will    .....                    (no boots)
Stlth   ..........               (no amulet)
HPRegen 0.27/turn                (no ring)
MPRegen 0.10/turn                (no ring)

@: corroded, under a protective aura
A: sickness immunity, AC +4, negative energy resistance 1, electricity
resistance, torment resistance 1, petrification resistance
a: Renounce Religion


You were on level 4 of the Dungeon.
You worshipped Okawaru.
Okawaru was noncommittal.
You visited 2 branches of the dungeon, and saw 5 of its levels.

You collected 253 gold pieces.

Inventory:

Hand Weapons
 a - a +0 long sword of protection (weapon)
Armour
 c - a +0 buckler (worn)
 e - a +0 chain mail (worn)
 f - a +0 plate armour
 j - a +0 cloak (worn)
Potions
 b - a potion of flight {unknown}
 d - 2 potions of might
 g - a potion of mutation {unknown}
 h - a potion of haste {unknown}
 i - a potion of magic {unknown}
 k - a potion of heal wounds {unknown}


   Skills:
 + Level 4.2 Fighting
 * Level 3.6 Long Blades
 * Level 5.2 Armour
 + Level 1.8 Dodging
 * Level 5.3 Shields
 + Level 0.8 Invocations


You had 6 spell levels left.
You didn't know any spells.
Your spell library contained the following spells:

 Spells                   Type           Power      Damage    Failure   Level
 Freeze                   Ice            0%         1d3       99%         1
 Poisonous Vapours        Pois/Air       0%         N/A       100%        2
 Frozen Ramparts          Ice            0%         1d1       100%        3
 Hailstorm                Conj/Ice       0%         3d3       100%        3
 Mephitic Cloud           Conj/Pois/Air  0%         N/A       100%        3
 Spider Form              Tmut/Pois      0%         N/A       100%        3
 Flame Wave               Conj/Fire      0%         2d4       100%        4
 Cigotuvi's Dreadful Rot  Necr/Pois/Air  Unusable   N/A       N/A         2

Dungeon Overview and Level Annotations

Branches:
Dungeon (4/15)             Temple (1/1) D:4

Altars:
Cheibriados
Dithmenos
Elyvilon
Fedhas
Kikubaaqudgha
Makhleb
Nemelex Xobeh
Okawaru
Ru
Trog
Uskayaw
Vehumet
Wu Jian
Xom
The Shining One

Shops:
D:2 ?


Innate Abilities, Weirdness & Mutations

You are immune to sickness and miasma.
Your stone body is resilient. (AC +4)
You are immune to poison.
You resist negative energy. (rN+)
You are resistant to electric shocks. (rElec)
You are resistant to unholy torment.
You are immune to petrification.


Message History

The hound closely misses you. You block the hound's attack.
You closely miss the hound.
The hound is heavily wounded.
The hound bites you but does no damage. The hound closely misses you.
You hit the hound but do no damage.
Your weapon exudes an aura of protection.
The hound is heavily wounded.
The hound bites you but does no damage. x2
You hear a distant slurping noise.
You closely miss the hound.
The hound is moderately wounded.
The hound bites you. The hound closely misses you.
You hit the hound.
The hound is heavily wounded.
The hound bites you but does no damage. You block the hound's attack.
You hit the hound but do no damage.
The hound is heavily wounded.
The hound barely misses you. The hound bites you but does no damage.
You closely miss the hound.
The hound is heavily wounded.
The hound bites you but does no damage.
You slash the hound!
You kill the hound!
Okawaru accepts your kill.
You hit the jelly but do no damage.
Your hands burn!
The jelly is heavily wounded.
The jelly hits you but does no damage.
You hit the jelly.
Your hands burn!
The jelly is severely wounded.
The jelly hits you but does no damage.
You barely miss the jelly.
The jelly is severely wounded.
The jelly hits you but does no damage. You block the jelly's attack.
You hit the jelly.
Your hands burn!
* * * LOW HITPOINT WARNING * * *
The jelly is almost dead.
The jelly hits you.
* * * LOW HITPOINT WARNING * * *
You are splashed with acid!
You die...

##.######.#.....#
#.#....#####
..>....)...
#..######.#..#.#####
##.########
#....††...#..#......
##.######
#..########..#######
........# ##...##
#..####### ##.####.#
#.....# #.........
##.# ##...##
##.####### .#.#
###.#.## ##.#######
...# ..###@#
#......... ...#
#..####.#J####
#..####### ..##
#.....)..o...# #..#
# .## #.######..o..#
#..# # .######
##.#...# #..#######
....... #..#.#.#
#......... .######
####.....##########
.####### #...##
####### ........
...# #...†..


You could see a jelly and an orc.

Vanquished Creatures
  A scorpion (D:4)
  A jelly (D:4)
  2 hounds (D:4)
  Terence (D:2)
  An iguana (D:4)
  Natasha (thrice) (D:2)
  8 gnolls
  7 adders
  An ufetubus (D:4)
  4 worms
  2 dart slugs
  5 orcs
  4 ball pythons
  4 endoplasms
  3 giant cockroaches
  6 goblins
  10 hobgoblins
  5 jackals
  9 kobolds
  3 quokkas
  6 bats
  3 frilled lizards (D:1)
  4 rats
93 creatures vanquished.

Notes
Turn   | Place    | Note
-------+----------+-------------------------------------------
     0 | D:1      | timneilson the Gargoyle Fighter began the quest for the
                  | Orb.
     0 | D:1      | Reached XP level 1. HP: 14/14 MP: 1/1
   139 | D:1      | Reached XP level 2. HP: 19/19 MP: 2/2
   506 | D:1      | Reached XP level 3. HP: 23/23 MP: 3/3
   806 | D:2      | Noticed Natasha
   821 | D:2      | Killed Natasha
   872 | D:2      | Reached XP level 4. HP: 28/28 MP: 4/4
  1097 | D:2      | Reached skill level 1 in Dodging
  1097 | D:2      | Reached XP level 5. HP: 32/32 MP: 5/5
  1153 | D:2      | Identified the +1 robe of the Snake Pit {-Tele Dex+2
                  | Archmagi}
  1244 | D:2      | Noticed Natasha
  1245 | D:2      | Found Noydel's Magic Scroll Emporium.
  1263 | D:2      | Killed Natasha
  1422 | D:2      | Noticed Terence
  1437 | D:2      | Killed Terence
  1986 | D:2      | Noticed Natasha
  2000 | D:2      | Killed Natasha
  2001 | D:2      | Reached XP level 6. HP: 14/38 MP: 6/6
  2235 | D:3      | Got Sif Muna's Anthology of the Virous Volcanoes
  2381 | D:3      | Found a faded altar of an unknown god.
  2651 | D:3      | Found a sparkling altar of Nemelex Xobeh.
  3014 | D:4      | Found a staircase to the Ecumenical Temple.
  3025 | Temple   | Entered the Ecumenical Temple
  3241 | Temple   | Became a worshipper of Warmaster Okawaru
  3277 | D:3      | Reached skill level 5 in Shields
  3555 | D:4      | Reached skill level 5 in Armour
  3555 | D:4      | Reached XP level 7. HP: 35/43 MP: 7/7
  3821 | D:4      | Splashed by a jelly's acid

Illustrated notes

Levels and vault maps discovered:
D:1:      eino_arrival_cavern_b, layout_basic
D:2:      layout_basic, serial_shops, shop_statue, uniq_natasha, uniq_terence
D:3:      layout_loops_ring, mainiacjoe_overflow_alcove_1,
          ebering_ecumenical_altar_sacrificial
D:4:      layout_loops_ring, minmay_temple_entry_sparse_star,
          grunt_ministairs_6, pf_guarded_unrand_meek, uniq_duvessa
Temple:   eino_temple_water

Skill      XL: |  1  2  3  4  5  6 |
---------------+-------------------+-----
Long Blades    | 2 3 |  3.6
Shields        | 4 5 |  5.3
Armour         | 4 5 |  5.2
Dodging        | 1 |  1.8
Fighting       | 4 |  4.2
Invocations    | |  0.8

Action                   |  1- 3 |  4- 6 |  7- 9 || total
-------------------------+-------+-------+-------++-------
Melee: Long sword        |   127 |   321 |    69 ||   517
  Use: Scroll            |     1 |     2 |       ||     3
       Potion            |       |     2 |       ||     2
Armor: Scale mail        |    16 |       |       ||    16
       Chain mail        |    81 |   240 |    52 ||   373
Dodge: Dodged            |    51 |   139 |    33 ||   223
Block: Buckler           |    26 |    91 |    13 ||   130

Table legend: (Time is in decaauts)
 A = Elapsed time spent in this place.
 B = Non-inter-level travel time spent in this place.
 C = Inter-level travel time spent in this place.
 D = Time resting spent in this place.
 E = Time spent auto-exploring this place.
 F = Levels seen in this place.
 G = Mean time per level.
                   A        B        C        D        E       F      G
               +--------+--------+--------+--------+--------+-----+--------+
         Total |   4004 |   3919 |     85 |     96 |   2753 |   5 |  800.8 |
       Dungeon |   3776 |   3707 |     69 |     96 |   2557 |   4 |  944.0 |
        Temple |    228 |    212 |     16 |      0 |    196 |   1 |  228.0 |
               +--------+--------+--------+--------+--------+-----+--------+

Top non-repeatable levels by time:
     D:2: 1495 daAuts
     D:1: 807 daAuts
     D:3: 772 daAuts
     D:4: 700 daAuts
  Temple: 228 daAuts
